[ AOE2 MATCH · #468970826 ]
Team RMTurks vs Bohemians
[ REPLAY ANALYSIS · EXTRACTED FROM THE RECORDED GAME ]
Feudal
19:29
Castle
28:49
Imperial
39:50
| APM avg | 20.3 |
| APM peak | 53 |
| eAPM avg | 15.5 |
| Villagers / military | 104 / 786 |
Focus
⚔️ 62.8% · 🌾 37.2%
Scout Cavalry ×357 · Camel Scout ×259 · Janissary ×137 · Trade Cart ×33 · Bombard Cannon ×18 · Hand Cannoneer ×9
Feudal
13:16
Castle
19:55
Imperial
31:24
| APM avg | 18.2 |
| APM peak | 119 |
| eAPM avg | 13.3 |
| Villagers / military | 83 / 856 |
Focus
⚔️ 41.5% · 🌾 58.5%
Spearman ×453 · Hand Cannoneer ×143 · Scout Cavalry ×62 · Hussite Wagon ×48 · Knight ×44 · Monk ×37
Feudal
15:43
Castle
26:36
Imperial
34:43
| APM avg | 18.3 |
| APM peak | 53 |
| eAPM avg | 13.1 |
| Villagers / military | 60 / 563 |
Focus
⚔️ 58.6% · 🌾 41.4%
Cataphract ×215 · Hand Cannoneer ×161 · Knight ×131 · Trade Cart ×41 · Bombard Cannon ×24 · Cavalry Archer ×16
Feudal
11:45
Castle
21:05
Imperial
35:42
| APM avg | 27.3 |
| APM peak | 129 |
| eAPM avg | 20.0 |
| Villagers / military | 158 / 762 |
Focus
⚔️ 57.0% · 🌾 43.0%
Longbowman ×420 · Scout Cavalry ×278 · Trade Cart ×40 · Monk ×31 · Skirmisher ×27 · Trebuchet (Packed) ×6
Match map
Initial resources + every placement click. Lines = walls · curves = elevation contours. ◆ gold · ⬟ stone · ● berries · ✦ relic · ◌ wall gap
Inputs per minute
— Tatycomendo - - Mr.mayfield
Build order — Tatycomendo
First 150 of 1175 actions detected
| 0:15 | Build | House |
| 0:16 | Build | House |
| 0:20 | Create | Villager (Male) |
| 0:20 | Create | Villager (Male) |
| 0:20 | Create | Villager (Male) |
| 0:20 | Create | Villager (Male) |
| 0:21 | Create | Villager (Male) |
| 0:43 | Research | Loom |
| 1:36 | Create | Villager (Male) |
| 1:37 | Create | Villager (Male) |
| 2:12 | Build | Palisade Wall |
| 2:48 | Build | Palisade Wall |
| 2:54 | Build | Palisade Wall |
| 2:59 | Create | Villager (Male) |
| 3:00 | Create | Villager (Male) |
| 3:00 | Create | Villager (Male) |
| 3:16 | Create | Villager (Male) |
| 3:16 | Create | Villager (Male) |
| 3:27 | Build | Palisade Wall |
| 3:33 | Build | Palisade Wall |
| 3:41 | Create | Villager (Male) |
| 3:41 | Create | Villager (Male) |
| 4:00 | Create | Villager (Male) |
| 4:00 | Create | Villager (Male) |
| 4:19 | Build | Outpost |
| 4:27 | Build | Outpost |
| 4:28 | Build | Outpost |
| 4:36 | Create | Villager (Male) |
| 4:36 | Create | Villager (Male) |
| 4:52 | Build | House |
| 5:03 | Create | Villager (Male) |
| 5:04 | Create | Villager (Male) |
| 5:45 | Build | House |
| 6:08 | Create | Villager (Male) |
| 6:08 | Create | Villager (Male) |
| 6:08 | Create | Villager (Male) |
| 6:13 | Research | Loom |
| 6:19 | Build | House |
| 6:22 | Build | House |
| 6:26 | Create | Villager (Male) |
| 6:27 | Create | Villager (Male) |
| 6:39 | Research | Loom |
| 6:47 | Build | House |
| 7:21 | Build | House |
| 7:25 | Build | House |
| 7:35 | Create | Villager (Male) |
| 7:36 | Create | Villager (Male) |
| 7:36 | Create | Villager (Male) |
| 7:37 | Create | Villager (Male) |
| 7:37 | Create | Villager (Male) |
| 7:37 | Create | Villager (Male) |
| 7:37 | Create | Villager (Male) |
| 8:11 | Build | Mill |
| 8:17 | Create | Villager (Male) |
| 8:17 | Create | Villager (Male) |
| 8:18 | Create | Villager (Male) |
| 8:38 | Build | House |
| 9:30 | Build | Lumber Camp |
| 9:57 | Create | Villager (Male) |
| 9:57 | Create | Villager (Male) |
| 11:19 | Create | Villager (Male) |
| 11:20 | Create | Villager (Male) |
| 11:20 | Create | Villager (Male) |
| 11:52 | Build | Mill |
| 12:57 | Build | Mill |
| 13:06 | Create | Villager (Male) |
| 13:06 | Create | Villager (Male) |
| 13:06 | Create | Villager (Male) |
| 13:07 | Create | Villager (Male) |
| 13:07 | Create | Villager (Male) |
| 13:46 | Build | Barracks |
| 15:14 | Create | Villager (Male) |
| 15:14 | Create | Villager (Male) |
| 15:14 | Create | Villager (Male) |
| 15:14 | Create | Villager (Male) |
| 15:15 | Create | Villager (Male) |
| 15:27 | Build | Barracks |
| 16:12 | Build | Lumber Camp |
| 16:29 | Research | Feudal Age |
| 16:43 | Build | Lumber Camp |
| 17:17 | Create | Villager (Male) |
| 17:17 | Create | Villager (Male) |
| 17:18 | Create | Villager (Male) |
| 17:18 | Create | Villager (Male) |
| 17:19 | Create | Villager (Male) |
| 17:19 | Create | Villager (Male) |
| 17:20 | Create | Villager (Male) |
| 17:20 | Create | Villager (Male) |
| 17:21 | Create | Villager (Male) |
| 17:21 | Create | Villager (Male) |
| 17:32 | Build | Farm |
| 17:35 | Build | Farm |
| 17:40 | Build | Farm |
| 17:50 | Build | Farm |
| 17:56 | Build | Farm |
| 18:00 | Build | Farm |
| 18:06 | Build | House |
| 18:08 | Build | House |
| 18:10 | Build | House |
| 18:11 | Build | House |
| 18:12 | Build | House |
| 18:13 | Build | House |
| 18:14 | Build | House |
| 18:15 | Build | House |
| 18:17 | Build | House |
| 18:18 | Build | House |
| 18:18 | Build | House |
| 18:22 | Build | House |
| 18:22 | Build | House |
| 18:25 | Build | House |
| 18:26 | Build | House |
| 18:40 | Build | Farm |
| 18:46 | Build | Farm |
| 18:52 | Build | Farm |
| 18:58 | Build | Farm |
| 19:16 | Build | Farm |
| 19:20 | Build | Farm |
| 19:25 | Build | Farm |
| 19:28 | Build | Farm |
| 19:29 | Age | Feudal Age |
| 19:33 | Build | Farm |
| 19:37 | Build | Farm |
| 19:42 | Build | Farm |
| 19:47 | Build | Farm |
| 19:50 | Build | Farm |
| 19:54 | Build | Farm |
| 20:01 | Build | Blacksmith |
| 20:13 | Build | Market |
| 20:20 | Research | Double-Bit Axe |
| 20:24 | Build | Mining Camp |
| 20:28 | Research | Horse Collar |
| 20:50 | Research | Padded Archer Armor |
| 20:50 | Research | Fletching |
| 20:51 | Research | Forging |
| 20:51 | Research | Scale Barding Armor |
| 20:52 | Research | Scale Mail Armor |
| 20:52 | Research | Scale Mail Armor |
| 21:33 | Build | Stone Wall |
| 21:55 | Build | Stable |
| 22:03 | Build | Stable |
| 22:05 | Build | Stable |
| 22:05 | Build | Stable |
| 22:23 | Create | Trade Cart |
| 22:23 | Create | Trade Cart |
| 22:58 | Create | Villager (Male) |
| 23:14 | Build | House |
| 23:23 | Research | Bloodlines |
| 23:43 | Create | Villager (Male) |
| 23:43 | Create | Villager (Male) |
| 23:43 | Create | Villager (Male) |
Build order — Mr.mayfield
First 150 of 586 actions detected
| 0:04 | Build | House |
| 0:05 | Create | Villager (Male) |
| 0:05 | Create | Villager (Male) |
| 0:06 | Create | Villager (Male) |
| 0:06 | Create | Villager (Male) |
| 0:30 | Build | House |
| 1:22 | Build | Palisade Wall |
| 1:41 | Build | Building 804 |
| 1:52 | Build | Palisade Wall |
| 2:50 | Create | Villager (Male) |
| 2:51 | Create | Villager (Male) |
| 3:06 | Build | Lumber Camp |
| 3:14 | Create | Villager (Male) |
| 3:42 | Build | Lumber Camp |
| 3:50 | Create | Villager (Male) |
| 4:18 | Research | Loom |
| 4:21 | Create | Villager (Male) |
| 4:42 | Create | Villager (Male) |
| 4:42 | Create | Villager (Male) |
| 5:17 | Build | House |
| 5:21 | Build | House |
| 5:45 | Create | Villager (Male) |
| 5:46 | Create | Villager (Male) |
| 6:25 | Create | Villager (Male) |
| 6:25 | Create | Villager (Male) |
| 6:59 | Build | Mill |
| 7:13 | Create | Villager (Male) |
| 7:13 | Create | Villager (Male) |
| 7:54 | Create | Villager (Male) |
| 9:44 | Create | Villager (Male) |
| 9:45 | Create | Villager (Male) |
| 9:52 | Build | House |
| 9:54 | Build | House |
| 11:06 | Research | Feudal Age |
| 12:22 | Build | Mill |
| 12:39 | Build | Mining Camp |
| 13:16 | Age | Feudal Age |
| 13:29 | Build | Market |
| 13:36 | Research | Double-Bit Axe |
| 13:38 | Create | Villager (Male) |
| 13:39 | Research | Wheelbarrow |
| 13:40 | Create | Villager (Male) |
| 13:59 | Research | Town Watch |
| 14:00 | Create | Villager (Male) |
| 14:08 | Build | Mining Camp |
| 14:30 | Build | Blacksmith |
| 14:57 | Create | Trade Cart |
| 15:20 | Research | Horse Collar |
| 17:15 | Research | Castle Age |
| 17:23 | Build | Farm |
| 17:24 | Build | Farm |
| 17:24 | Build | Farm |
| 17:24 | Build | Farm |
| 17:24 | Build | Farm |
| 17:25 | Build | Farm |
| 17:25 | Build | Farm |
| 17:25 | Build | Farm |
| 17:54 | Create | Trade Cart |
| 18:17 | Create | Villager (Male) |
| 18:17 | Create | Villager (Male) |
| 18:17 | Create | Villager (Male) |
| 18:17 | Create | Villager (Male) |
| 19:55 | Age | Castle Age |
| 20:02 | Research | Bow Saw |
| 20:10 | Build | Lumber Camp |
| 20:24 | Build | Farm |
| 20:28 | Create | Villager (Male) |
| 20:31 | Create | Villager (Male) |
| 20:32 | Research | Town Patrol |
| 20:46 | Build | House |
| 20:48 | Build | House |
| 20:54 | Build | Farm |
| 21:11 | Create | Villager (Male) |
| 21:15 | Build | Farm |
| 21:24 | Build | House |
| 21:26 | Build | House |
| 21:28 | Build | House |
| 21:29 | Build | House |
| 21:44 | Build | Farm |
| 21:53 | Create | Villager (Male) |
| 22:19 | Build | Town Center |
| 22:31 | Build | Farm |
| 22:38 | Build | Farm |
| 23:08 | Create | Villager (Male) |
| 23:21 | Build | University |
| 23:28 | Build | Monastery |
| 23:42 | Create | Villager (Male) |
| 23:50 | Research | Heavy Plow |
| 23:59 | Build | Farm |
| 24:28 | Build | Farm |
| 24:53 | Build | Farm |
| 24:56 | Create | Villager (Male) |
| 24:56 | Create | Villager (Male) |
| 25:03 | Create | Monk |
| 25:12 | Research | Hand Cart |
| 25:19 | Create | Villager (Male) |
| 25:26 | Build | Farm |
| 25:34 | Build | Lumber Camp |
| 25:45 | Create | Villager (Male) |
| 25:53 | Build | Farm |
| 26:20 | Build | Farm |
| 26:25 | Create | Villager (Male) |
| 26:25 | Create | Villager (Male) |
| 26:28 | Create | Villager (Male) |
| 26:28 | Create | Villager (Male) |
| 26:49 | Build | Castle |
| 27:02 | Build | Mill |
| 27:09 | Build | Mill |
| 27:14 | Build | Farm |
| 27:16 | Create | Villager (Male) |
| 27:17 | Create | Villager (Male) |
| 27:34 | Build | Farm |
| 27:40 | Build | Farm |
| 27:49 | Create | Villager (Male) |
| 28:01 | Research | Imperial Age |
| 28:07 | Build | Farm |
| 28:22 | Create | Villager (Male) |
| 28:22 | Create | Villager (Male) |
| 28:28 | Build | Farm |
| 28:38 | Build | Mill |
| 28:55 | Build | Farm |
| 29:05 | Create | Villager (Male) |
| 29:13 | Create | Villager (Male) |
| 29:14 | Create | Villager (Male) |
| 29:14 | Create | Villager (Male) |
| 29:26 | Create | Trade Cart |
| 29:26 | Create | Trade Cart |
| 29:27 | Create | Trade Cart |
| 29:38 | Create | Villager (Male) |
| 29:38 | Create | Villager (Male) |
| 29:49 | Build | House |
| 29:51 | Build | House |
| 30:03 | Build | House |
| 30:05 | Build | House |
| 30:06 | Build | House |
| 30:30 | Research | Fletching |
| 30:31 | Research | Padded Archer Armor |
| 30:40 | Build | Barracks |
| 31:01 | Research | Chemistry |
| 31:03 | Research | Murder Holes |
| 31:05 | Research | Masonry |
| 31:06 | Research | Treadmill Crane |
| 31:23 | Create | Villager (Male) |
| 31:23 | Create | Villager (Male) |
| 31:24 | Create | Villager (Male) |
| 31:24 | Create | Villager (Male) |
| 31:24 | Age | Imperial Age |
| 31:32 | Create | Villager (Male) |
| 31:32 | Create | Villager (Male) |
| 31:36 | Research | Ballistics |
Build order — GleisOn!
First 150 of 834 actions detected
| 0:04 | Build | House |
| 0:07 | Build | House |
| 0:16 | Build | House |
| 0:20 | Create | Villager (Male) |
| 0:20 | Create | Villager (Male) |
| 0:21 | Create | Villager (Male) |
| 0:21 | Create | Villager (Male) |
| 0:21 | Create | Villager (Male) |
| 1:57 | Create | Villager (Male) |
| 2:23 | Create | Villager (Male) |
| 2:56 | Build | Palisade Wall |
| 3:02 | Create | Villager (Male) |
| 3:02 | Create | Villager (Male) |
| 3:33 | Create | Villager (Male) |
| 4:00 | Build | Palisade Wall |
| 4:05 | Create | Villager (Male) |
| 4:23 | Create | Villager (Male) |
| 4:32 | Build | House |
| 5:06 | Build | Palisade Wall |
| 5:15 | Build | House |
| 6:13 | Create | Villager (Male) |
| 6:24 | Build | Mill |
| 6:30 | Create | Villager (Male) |
| 6:44 | Build | House |
| 6:58 | Create | Villager (Male) |
| 7:40 | Build | Mining Camp |
| 7:51 | Create | Villager (Male) |
| 8:28 | Build | Mining Camp |
| 8:30 | Create | Villager (Male) |
| 8:50 | Create | Villager (Male) |
| 9:10 | Create | Villager (Male) |
| 9:23 | Build | Lumber Camp |
| 9:36 | Create | Villager (Male) |
| 10:41 | Create | Villager (Male) |
| 11:06 | Create | Villager (Male) |
| 11:46 | Create | Villager (Male) |
| 12:34 | Create | Villager (Male) |
| 13:08 | Create | Villager (Male) |
| 13:22 | Research | Feudal Age |
| 13:36 | Build | House |
| 13:58 | Build | Farm |
| 14:02 | Build | Farm |
| 14:06 | Build | Farm |
| 14:09 | Build | Farm |
| 14:15 | Build | Farm |
| 14:23 | Build | House |
| 14:34 | Build | Farm |
| 14:53 | Build | Farm |
| 14:58 | Build | Farm |
| 15:02 | Build | Mining Camp |
| 15:11 | Build | House |
| 15:17 | Create | Villager (Male) |
| 15:17 | Create | Villager (Male) |
| 15:17 | Create | Villager (Male) |
| 15:18 | Create | Villager (Male) |
| 15:18 | Create | Villager (Male) |
| 15:18 | Create | Villager (Male) |
| 15:43 | Age | Feudal Age |
| 15:52 | Build | Building 490 |
| 15:58 | Build | Building 490 |
| 16:20 | Build | Stone Wall |
| 16:29 | Build | Stone Wall |
| 16:34 | Build | Stone Wall |
| 16:42 | Build | Farm |
| 16:45 | Build | Farm |
| 16:47 | Create | Villager (Male) |
| 17:08 | Build | Farm |
| 17:21 | Create | Villager (Male) |
| 17:26 | Build | Farm |
| 17:37 | Research | Stone Mining |
| 17:38 | Research | Gold Mining |
| 17:58 | Build | Farm |
| 18:01 | Create | Villager (Male) |
| 18:02 | Create | Villager (Male) |
| 18:05 | Research | Double-Bit Axe |
| 18:18 | Build | Farm |
| 18:44 | Build | Farm |
| 19:20 | Build | Mill |
| 19:23 | Create | Villager (Male) |
| 19:35 | Build | Farm |
| 19:37 | Create | Villager (Male) |
| 19:37 | Create | Villager (Male) |
| 19:39 | Create | Villager (Male) |
| 19:54 | Build | Market |
| 20:16 | Build | Farm |
| 20:18 | Research | Horse Collar |
| 20:41 | Build | Stone Wall |
| 20:54 | Build | Farm |
| 21:00 | Build | Mill |
| 21:10 | Build | Blacksmith |
| 21:25 | Create | Trade Cart |
| 21:25 | Create | Trade Cart |
| 21:25 | Create | Trade Cart |
| 21:26 | Create | Trade Cart |
| 21:26 | Create | Trade Cart |
| 21:26 | Create | Trade Cart |
| 21:27 | Create | Trade Cart |
| 21:27 | Create | Trade Cart |
| 21:42 | Build | Stone Wall |
| 21:58 | Build | Farm |
| 22:05 | Build | House |
| 22:09 | Research | Forging |
| 22:09 | Research | Scale Mail Armor |
| 22:10 | Research | Scale Barding Armor |
| 22:12 | Research | Padded Archer Armor |
| 22:12 | Research | Fletching |
| 22:26 | Research | Forging |
| 22:42 | Build | House |
| 22:51 | Build | Building 490 |
| 23:02 | Create | Villager (Male) |
| 23:31 | Create | Villager (Male) |
| 23:32 | Create | Villager (Male) |
| 23:46 | Research | Castle Age |
| 23:54 | Build | Mill |
| 24:19 | Build | Stone Wall |
| 24:29 | Build | House |
| 24:36 | Create | Trade Cart |
| 24:36 | Create | Trade Cart |
| 24:41 | Create | Villager (Male) |
| 24:41 | Create | Villager (Male) |
| 24:42 | Create | Villager (Male) |
| 24:44 | Create | Villager (Male) |
| 24:45 | Create | Villager (Male) |
| 25:02 | Build | Stone Wall |
| 25:15 | Create | Villager (Male) |
| 25:26 | Build | Stone Wall |
| 25:48 | Build | Building 490 |
| 26:27 | Build | House |
| 26:36 | Age | Castle Age |
| 26:42 | Create | Villager (Male) |
| 27:09 | Build | Castle |
| 27:37 | Build | Palisade Wall |
| 27:55 | Build | Palisade Wall |
| 28:07 | Build | Mining Camp |
| 28:13 | Build | House |
| 28:35 | Create | Trade Cart |
| 28:35 | Create | Trade Cart |
| 28:36 | Create | Trade Cart |
| 28:43 | Build | Stone Wall |
| 28:58 | Create | Villager (Male) |
| 29:07 | Build | House |
| 29:36 | Build | Stone Wall |
| 29:56 | Build | Stone Wall |
| 30:29 | Build | Lumber Camp |
| 30:41 | Build | Building 490 |
| 30:56 | Create | Cataphract |
| 30:57 | Create | Cataphract |
| 30:58 | Create | Cataphract |
| 30:59 | Create | Cataphract |
| 31:00 | Create | Cataphract |
Build order — Avatar
First 150 of 1213 actions detected
| 0:00 | Create | Villager (Male) |
| 0:01 | Create | Villager (Male) |
| 0:01 | Create | Villager (Male) |
| 0:01 | Create | Villager (Male) |
| 0:03 | Build | House |
| 0:05 | Build | House |
| 0:30 | Research | Loom |
| 0:34 | Create | Villager (Male) |
| 0:34 | Create | Villager (Male) |
| 0:39 | Build | Palisade Wall |
| 1:15 | Build | Palisade Wall |
| 1:21 | Build | Building 804 |
| 1:35 | Create | Villager (Male) |
| 1:35 | Create | Villager (Male) |
| 2:20 | Create | Villager (Male) |
| 2:20 | Create | Villager (Male) |
| 2:26 | Build | House |
| 2:28 | Build | House |
| 2:29 | Build | House |
| 2:46 | Create | Villager (Male) |
| 2:46 | Create | Villager (Male) |
| 3:11 | Create | Villager (Male) |
| 3:11 | Create | Villager (Male) |
| 3:39 | Create | Villager (Male) |
| 3:46 | Create | Villager (Male) |
| 4:24 | Create | Villager (Male) |
| 4:24 | Create | Villager (Male) |
| 5:14 | Create | Villager (Male) |
| 5:14 | Create | Villager (Male) |
| 5:53 | Build | Mill |
| 6:40 | Create | Villager (Male) |
| 6:40 | Create | Villager (Male) |
| 6:40 | Create | Villager (Male) |
| 7:37 | Create | Villager (Male) |
| 7:38 | Create | Villager (Male) |
| 8:28 | Build | Lumber Camp |
| 8:34 | Create | Villager (Male) |
| 8:34 | Create | Villager (Male) |
| 8:43 | Build | Mill |
| 9:15 | Create | Villager (Male) |
| 9:19 | Research | Feudal Age |
| 9:52 | Build | Mill |
| 10:10 | Create | Villager (Male) |
| 10:10 | Create | Villager (Male) |
| 10:11 | Create | Villager (Male) |
| 10:11 | Create | Villager (Male) |
| 10:11 | Create | Villager (Male) |
| 11:04 | Build | Lumber Camp |
| 11:45 | Age | Feudal Age |
| 11:49 | Research | Wheelbarrow |
| 12:06 | Research | Double-Bit Axe |
| 12:06 | Research | Double-Bit Axe |
| 12:52 | Build | House |
| 12:53 | Build | House |
| 12:54 | Build | House |
| 12:55 | Build | House |
| 13:29 | Research | Horse Collar |
| 13:36 | Create | Villager (Male) |
| 13:36 | Create | Villager (Male) |
| 13:51 | Build | Lumber Camp |
| 14:07 | Research | Town Watch |
| 14:10 | Create | Villager (Male) |
| 14:10 | Create | Villager (Male) |
| 14:23 | Build | Mining Camp |
| 15:06 | Build | Market |
| 15:25 | Build | Blacksmith |
| 16:13 | Create | Trade Cart |
| 16:14 | Create | Trade Cart |
| 16:34 | Build | Mining Camp |
| 16:37 | Research | Padded Archer Armor |
| 16:42 | Create | Villager (Male) |
| 16:43 | Create | Villager (Male) |
| 16:43 | Create | Villager (Male) |
| 16:43 | Create | Villager (Male) |
| 17:20 | Create | Villager (Male) |
| 17:20 | Create | Villager (Male) |
| 17:36 | Build | Market |
| 17:42 | Build | Farm |
| 18:13 | Research | Castle Age |
| 18:24 | Build | Mining Camp |
| 18:42 | Create | Trade Cart |
| 18:48 | Research | Fletching |
| 18:55 | Build | Barracks |
| 19:04 | Build | Barracks |
| 19:27 | Create | Villager (Male) |
| 19:27 | Create | Villager (Male) |
| 19:27 | Create | Villager (Male) |
| 19:40 | Create | Trade Cart |
| 19:40 | Create | Trade Cart |
| 19:47 | Build | Mining Camp |
| 19:51 | Create | Trade Cart |
| 20:20 | Build | Mining Camp |
| 20:24 | Build | Farm |
| 20:27 | Build | Farm |
| 20:29 | Build | Farm |
| 20:43 | Build | House |
| 20:43 | Build | House |
| 20:44 | Build | House |
| 20:45 | Build | House |
| 20:46 | Build | House |
| 20:47 | Build | House |
| 20:48 | Build | House |
| 21:05 | Age | Castle Age |
| 21:08 | Build | Town Center |
| 21:26 | Research | Stone Mining |
| 21:45 | Build | Farm |
| 21:58 | Build | Farm |
| 22:03 | Create | Villager (Male) |
| 22:06 | Create | Villager (Male) |
| 22:11 | Build | Farm |
| 22:13 | Build | Farm |
| 22:18 | Build | Farm |
| 22:20 | Build | Farm |
| 22:26 | Build | Farm |
| 22:30 | Build | Farm |
| 22:31 | Create | Villager (Male) |
| 22:36 | Create | Villager (Male) |
| 22:36 | Create | Villager (Male) |
| 22:48 | Build | Farm |
| 23:00 | Create | Trade Cart |
| 23:02 | Create | Trade Cart |
| 23:10 | Build | Monastery |
| 23:25 | Create | Villager (Male) |
| 23:25 | Create | Villager (Male) |
| 23:26 | Create | Villager (Male) |
| 23:33 | Create | Villager (Male) |
| 23:33 | Create | Villager (Male) |
| 23:45 | Build | Farm |
| 23:47 | Build | Farm |
| 23:49 | Create | Monk |
| 24:10 | Build | House |
| 24:11 | Build | House |
| 24:13 | Build | House |
| 24:14 | Build | House |
| 24:15 | Build | House |
| 24:15 | Build | House |
| 24:16 | Build | House |
| 24:18 | Build | House |
| 24:22 | Create | Villager (Male) |
| 24:22 | Create | Villager (Male) |
| 24:22 | Create | Villager (Male) |
| 24:29 | Create | Villager (Male) |
| 24:29 | Create | Villager (Male) |
| 24:35 | Build | Farm |
| 24:40 | Build | Farm |
| 24:46 | Build | Farm |
| 24:54 | Research | Fervor |
| 24:58 | Research | Heavy Plow |
| 25:11 | Research | Bow Saw |
| 25:12 | Research | Bow Saw |
Match timeline
| 0:39 | Avatar · wall_segment Palisade Wall x8 |
| 1:15 | Avatar · wall_segment Palisade Wall x16 |
| 1:22 | Mr.mayfield · wall_segment Palisade Wall x6 |
| 1:52 | Mr.mayfield · wall_segment Palisade Wall x1 |
| 2:12 | Tatycomendo · wall_segment Palisade Wall x9 |
| 2:48 | Tatycomendo · wall_segment Palisade Wall x1 |
| 2:54 | Tatycomendo · wall_segment Palisade Wall x1 |
| 2:56 | GleisOn! · wall_segment Palisade Wall x7 |
| 3:27 | Tatycomendo · wall_segment Palisade Wall x2 |
| 3:33 | Tatycomendo · wall_segment Palisade Wall x1 |
| 4:00 | GleisOn! · wall_segment Palisade Wall x9 |
| 5:06 | GleisOn! · wall_segment Palisade Wall x9 |
| 11:45 | Avatar · age_up feudal |
| 13:16 | Mr.mayfield · age_up feudal |
| 13:46 | Tatycomendo · first_building Barracks |
| 15:43 | GleisOn! · age_up feudal |
| 16:20 | GleisOn! · wall_segment Stone Wall x2 |
| 16:29 | GleisOn! · wall_segment Stone Wall x4 |
| 16:34 | GleisOn! · wall_segment Stone Wall x8 |
| 16:47 | Mr.mayfield · first_market_sell 100 wood |
| 18:02 | Avatar · first_market_sell 100 wood |
| 18:06 | Avatar · first_market_buy 100 food |
| 18:55 | Avatar · first_building Barracks |
| 19:29 | Tatycomendo · age_up feudal |
| 19:55 | Mr.mayfield · age_up castle |
| 20:41 | GleisOn! · wall_segment Stone Wall x1 |
| 21:05 | Avatar · age_up castle |
| 21:33 | Tatycomendo · wall_segment Stone Wall x17 |
| 21:42 | GleisOn! · wall_segment Stone Wall x1 |
| 21:55 | Tatycomendo · first_building Stable |
| 23:10 | Avatar · first_building Monastery |
| 23:28 | Mr.mayfield · first_building Monastery |
| 23:40 | GleisOn! · first_market_sell 100 food |
| 24:19 | GleisOn! · wall_segment Stone Wall x1 |
| 24:29 | Tatycomendo · wall_segment Stone Wall x13 |
| 25:02 | GleisOn! · wall_segment Stone Wall x1 |
| 25:19 | Tatycomendo · first_building Archery Range |
| 25:26 | GleisOn! · wall_segment Stone Wall x1 |
| 26:15 | Avatar · first_building Castle |
| 26:36 | GleisOn! · age_up castle |
| 26:49 | Mr.mayfield · first_building Castle |
| 27:09 | GleisOn! · first_building Castle |
| 27:26 | Tatycomendo · wall_segment Stone Wall x12 |
| 27:37 | GleisOn! · wall_segment Palisade Wall x1 |
| 27:55 | GleisOn! · wall_segment Palisade Wall x1 |
| 28:29 | Tatycomendo · wall_segment Stone Wall x1 |
| 28:43 | GleisOn! · wall_segment Stone Wall x1 |
| 28:49 | Tatycomendo · age_up castle |
| 28:51 | Tatycomendo · wall_segment Stone Wall x1 |
| 29:02 | Tatycomendo · wall_segment Stone Wall x1 |
| 29:22 | Tatycomendo · wall_segment Stone Wall x1 |
| 29:32 | Tatycomendo · first_building Monastery |
| 29:36 | GleisOn! · wall_segment Stone Wall x1 |
| 29:52 | Tatycomendo · wall_segment Stone Wall x1 |
| 29:56 | GleisOn! · wall_segment Stone Wall x1 |
| 30:13 | Tatycomendo · wall_segment Stone Wall x1 |
| 30:35 | Tatycomendo · wall_segment Stone Wall x1 |
| 30:40 | Mr.mayfield · first_building Barracks |
| 31:08 | Tatycomendo · wall_segment Stone Wall x1 |
| 31:14 | Avatar · wall_segment Stone Wall x15 |
| 31:24 | Mr.mayfield · age_up imperial |
| 31:55 | Mr.mayfield · first_building Archery Range |
| 31:57 | GleisOn! · wall_segment Stone Wall x1 |
| 32:28 | GleisOn! · first_building Monastery |
| 32:36 | Tatycomendo · wall_segment Stone Wall x17 |
| 32:41 | GleisOn! · wall_segment Stone Wall x1 |
| 33:05 | GleisOn! · wall_segment Stone Wall x1 |
| 33:06 | Avatar · wall_segment Stone Wall x10 |
| 33:33 | Mr.mayfield · first_building Siege Workshop |
| 33:34 | GleisOn! · wall_segment Stone Wall x1 |
| 33:55 | GleisOn! · wall_segment Stone Wall x1 |
| 34:17 | Tatycomendo · first_building Castle |
| 34:21 | Avatar · wall_segment Stone Wall x12 |
| 34:35 | GleisOn! · wall_segment Stone Wall x1 |
| 34:43 | GleisOn! · age_up imperial |
| 35:04 | GleisOn! · wall_segment Stone Wall x1 |
| 35:19 | Tatycomendo · first_building Siege Workshop |
| 35:42 | Avatar · age_up imperial |
| 35:53 | Avatar · wall_segment Stone Wall x12 |
| 37:29 | Avatar · wall_segment Stone Wall x13 |
| 37:56 | GleisOn! · wall_segment Stone Wall x1 |
| 38:24 | GleisOn! · wall_segment Stone Wall x1 |
| 39:50 | Tatycomendo · age_up imperial |
| 40:26 | Avatar · first_building Archery Range |
| 40:39 | Mr.mayfield · first_market_buy 100 wood |
| 42:08 | GleisOn! · first_market_buy 100 food |
| 42:50 | Avatar · wall_segment Stone Wall x13 |
| 43:26 | GleisOn! · first_building Siege Workshop |
| 46:32 | GleisOn! · first_building Barracks |
| 48:13 | Avatar · wall_segment Stone Wall x14 |
| 50:54 | GleisOn! · first_building Stable |
| 50:58 | Avatar · first_building Siege Workshop |
| 54:25 | Avatar · first_building Stable |
| 58:08 | Mr.mayfield · first_building Stable |
| 74:53 | Avatar · wall_segment Stone Wall x13 |
| 78:26 | Avatar · wall_segment Stone Wall x1 |
| 79:47 | Avatar · wall_segment Palisade Wall x3 |
| 80:02 | Avatar · wall_segment Palisade Wall x18 |
| 81:45 | Tatycomendo · wall_segment Stone Wall x14 |
| 81:49 | Tatycomendo · first_market_buy 100 stone |
| 82:22 | Avatar · wall_segment Palisade Wall x15 |
| 82:31 | Avatar · wall_segment Palisade Wall x4 |
| 82:35 | Avatar · wall_segment Palisade Wall x10 |
| 83:33 | Tatycomendo · wall_segment Stone Wall x4 |
| 84:38 | Tatycomendo · wall_segment Stone Wall x11 |
| 84:51 | GleisOn! · first_building Archery Range |
| 85:06 | Avatar · wall_segment Palisade Wall x16 |
| 87:36 | Avatar · wall_segment Palisade Wall x15 |
| 92:04 | Avatar · wall_segment Palisade Wall x17 |
| 95:03 | Avatar · wall_segment Palisade Wall x14 |
| 95:08 | Avatar · wall_segment Palisade Wall x16 |
| 97:59 | Tatycomendo · wall_segment Stone Wall x8 |
| 99:48 | Avatar · wall_segment Palisade Wall x16 |
| 102:43 | Avatar · wall_segment Palisade Wall x4 |
| 102:50 | Avatar · wall_segment Palisade Wall x5 |
| 112:40 | Avatar · wall_segment Palisade Wall x13 |
| 113:35 | Avatar · wall_segment Palisade Wall x23 |
| 114:33 | GleisOn! · resign |
[ AI ANALYSIS · 1 CREDIT ]
What really happened in this match?
Wolo.gg analyzes every decision: build order, eco, micro, common mistakes by bracket. Personalized analysis on WhatsApp or Discord in 30 seconds.
Civ guide
Turks
Map guide
Black Forest
Perfil
Jugador #26321